Map: Hardwire LE

Players

Krystianer

  • Race: Protoss Protoss
  • League: Master

AGOElazer (Elazer) - Winner!

  • Race: Zerg Zerg
  • League: Master

Event: DreamHack SC2 Masters Last Chance 2022

VOD

Have the link to the VOD?

Description

Time

  • Played on: Dec. 17, 2021, 2:15 p.m.
  • Length: 8:59

All games in this series

Show
View Real Time Build Order
Export as new Build Order

Krystianer Protoss 

Build Orders: 1 Gate Expand, Oracle Opening 

Get SALT Encoding   

  12  0:00  Probe  
  13  0:12  Probe  
  14  0:19  Pylon  
  14  0:24  Probe (Chrono Boost)  
  15  0:38  Probe (Chrono Boost)  
  15  0:39  Gateway  
  16  0:44  Probe (Chrono Boost)  
  16  0:46  Assimilator  
  17  0:52  Probe  
  18  1:04  Probe  
  19  1:16  Probe  
  20  1:23  Nexus  
  20  1:33  Cybernetics Core  
  20  1:37  Probe  
  21  1:41  Assimilator  
  21  1:49  Probe  
  22  1:54  Pylon  
  22  2:01  Probe  
  22  2:09  Adept (Chrono Boost)  
  22  2:13  Probe  
  25  2:18  Stargate  
  25  2:25  Warp Gate  
  25  2:26  Probe (Chrono Boost)  
  25  2:29  Adept (Chrono Boost)  
  26  2:35  Probe (Chrono Boost)  
  29  2:43  Probe (Chrono Boost)  
  31  2:44  Probe (Chrono Boost)  
  31  2:49  Probe x2 (Chrono Boost)  
  32  2:54  Void Ray (Chrono Boost)  
  33  3:01  Probe  
  33  3:02  Probe  
  39  3:10  Gateway  
  39  3:13  Probe  
  39  3:14  Adept  
  39  3:17  Probe  
  43  3:25  Probe  
  44  3:29  Probe  
  43  3:37  Probe  
  43  3:40  Assimilator  
  42  3:41  Probe  
  42  3:42  Assimilator, Pylon  
  42  3:44  Stargate  
  43  3:50  Probe  
  43  3:53  Probe  
  45  3:56  Pylon  
  45  3:58  Oracle (Chrono Boost)  
  45  4:02  Probe  
  49  4:05  Pylon  
  49  4:06  Probe  
  50  4:14  Probe  
  51  4:18  Probe  
  52  4:26  Oracle (Chrono Boost), Probe  
  52  4:30  Probe  
  60  4:31  Adept  
  60  4:33  Adept, Oracle (Chrono Boost)  
  64  4:45  Pylon  
  64  4:46  Nexus  
  64  4:56  Probe x2  
  69  5:02  Oracle x2 (Chrono Boost)  
  69  5:03  Pylon  
  72  5:08  Probe x2  
  74  5:20  Probe  
  74  5:21  Probe  
  76  5:30  Twilight Council  
  76  5:31  Forge  
  76  5:33  Probe x2  
  76  5:35  Zealot  
  83  5:37  Zealot  
  83  5:39  Oracle (Chrono Boost)  
  81  5:45  Probe x2  
  81  5:47  Oracle (Chrono Boost)  
  86  5:58  Probe x2  
  86  6:01  Probe  
  89  6:04  Assimilator  
  89  6:06  Assimilator  
  89  6:10  Probe x2  
  94  6:11  Protoss Ground Weapons Level 1 (Chrono Boost)  
  94  6:13  Probe  
  94  6:14  Oracle (Chrono Boost), Charge (Chrono Boost)  
  94  6:16  Oracle (Chrono Boost), Pylon  
  94  6:18  Pylon  
  98  6:22  Probe x2  
  98  6:25  Probe  
  101  6:34  Probe x2  
  101  6:35  Gateway  
  101  6:36  Gateway  
  101  6:37  Probe  
  104  6:40  Gateway  
  104  6:44  Gateway  
  104  6:46  Probe x2  
  106  6:49  Probe  
  107  6:56  Gateway  
  107  6:57  Gateway  
  107  6:58  Probe x2  
  107  7:00  Oracle, Pylon  
  112  7:01  Probe  
  112  7:06  Oracle  
  113  7:11  Zealot, Probe  
  113  7:13  Pylon  
  113  7:14  Pylon  
  116  7:16  Pylon  
  116  7:18  Templar Archives  
  116  7:24  Probe  
  113  7:38  Zealot x5  
  113  7:39  Robotics Facility  
  113  7:40  Probe  
  113  7:42  Probe  
  113  7:43  Nexus  
  113  7:44  Probe, Pylon  
  126  7:52  Probe  
  126  7:53  Zealot x3  
  133  8:04  Phoenix (Chrono Boost)  
  125  8:08  Zealot x5  
  125  8:11  Phoenix (Chrono Boost)  
  134  8:14  Shield Battery  
  134  8:23  Stalker x2  
  134  8:24  Stalker  
  134  8:26  Phoenix x2 (Chrono Boost)  
  124  8:37  Probe  
  115  8:48  High Templar x4  
  120  8:54  Zealot x2  
Show
View Real Time Build Order
Export as new Build Order

AGOElazer Zerg - Winner!

Build Orders: Hatch First 

Get SALT Encoding   

  12  0:00  Drone  
  13  0:12  Overlord  
  13  0:17  Drone  
  14  0:30  Drone x2  
  16  0:47  Hatchery  
  15  0:51  Drone  
  15  0:55  Drone  
  17  0:58  Drone  
  18  1:10  Extractor  
  17  1:13  Spawning Pool  
  17  1:16  Drone  
  17  1:20  Drone  
  18  1:28  Drone  
  19  1:39  Drone  
  20  1:46  Hatchery  
  19  1:49  Drone  
  20  1:59  Queen  
  22  2:02  Drone  
  23  2:13  Drone  
  23  2:14  Drone, Overlord  
  25  2:22  Queen  
  25  2:25  Drone  
  28  2:33  Zergling x2  
  28  2:34  Drone, Zergling x2  
  31  2:39  Queen  
  33  2:45  Metabolic Boost  
  33  2:46  Drone  
  33  2:49  Drone  
  35  2:54  Zergling x2  
  35  2:58  Queen  
  36  3:00  Zergling x2  
  36  3:03  Overlord  
  39  3:09  Drone x2  
  39  3:12  Overlord  
  41  3:24  Drone x3  
  41  3:26  Drone x2  
  45  3:29  Drone  
  45  3:32  Drone x2  
  46  3:34  Drone  
  46  3:38  Drone x2  
  49  3:41  Drone  
  50  3:50  Overlord x2  
  50  3:58  Spore Crawler  
  49  4:08  Drone x8, Queen  
  49  4:09  Overlord  
  59  4:12  Drone x2  
  61  4:19  Overlord  
  61  4:21  Drone  
  62  4:26  Overlord  
  62  4:27  Drone x2  
  63  4:33  Drone  
  63  4:35  Extractor  
  63  4:36  Extractor, Roach Warren  
  63  4:37  Drone  
  63  4:38  Drone x6  
  68  4:46  Queen  
  68  4:49  Zergling x6  
  73  4:54  Spore Crawler  
  73  4:55  Drone, Spore Crawler  
  72  5:02  Zergling x4  
  72  5:03  Zergling x2  
  72  5:05  Drone x5  
  81  5:07  Drone  
  81  5:08  Lair  
  81  5:09  Queen, Extractor  
  82  5:23  Drone x5  
  82  5:25  Drone x3  
  89  5:33  Overlord  
  89  5:34  Drone  
  90  5:36  Extractor  
  90  5:39  Hatchery  
  90  5:41  Drone x4  
  89  5:45  Overlord  
  89  5:47  Drone x2  
  90  5:50  Extractor  
  90  5:52  Evolution Chamber  
  90  5:53  Drone x2, Baneling Nest  
  90  5:56  Drone x2  
  91  6:04  Drone x7  
  98  6:07  Overlord  
  98  6:08  Roach x2  
  102  6:13  Glial Reconstitution  
  102  6:16  Spire, Roach  
  102  6:17  Roach  
  105  6:19  Zergling x2  
  105  6:22  Overlord x2  
  106  6:32  Zerg Missile Weapons Level 1  
  105  6:33  Roach x3  
  105  6:39  Roach  
  113  6:40  Overlord x2  
  113  6:42  Queen x2  
  113  6:43  Queen  
  119  6:48  Spore Crawler  
  119  6:49  Spore Crawler  
  119  6:50  Zergling x18  
  119  6:53  Overlord  
  126  7:15  Hatchery  
  125  7:19  Overlord  
  125  7:29  Mutalisk x8  
  121  7:30  Mutalisk x4  
  121  7:32  Mutalisk  
  147  7:48  Zergling x20  
  157  7:54  Overlord  
  156  8:03  Extractor  
  156  8:04  Mutalisk  
  156  8:05  Mutalisk x3  
  161  8:08  Mutalisk, Extractor  
  161  8:12  Zergling x4  
  155  8:24  Roach x5  
  155  8:26  Zergling x2, Roach  
  155  8:27  Zergling x2  
  167  8:39  Roach x4  

Tags
 
Add a new tag
Caveats
  • Supply blocks, unpowered buildings, or Contaminate may cause inaccurate times.
  • Supply counts are checked every 10 seconds.